 Dungeon Crawl Stone Soup version 0.28.0-53-g5a82cb258f (webtiles) character file.

Game seed: 1453803726065736257

36 firemarshallily the Poker (level 3, 0/29 HPs)
             Began as a Merfolk Gladiator on Aug 28, 2022.
             Slain by an orc wizard
             ... wielding a +0 dagger
              (3 damage)
             ... on level 2 of the Dungeon.
             The game lasted 00:03:14 (1402 turns).

firemarshallily the Poker (Merfolk Gladiator)       Turns: 1402, Time: 00:03:15

Health: 0/29       AC:  4    Str: 14    XL:     3   Next: 37%
Magic:  3/3        EV: 13    Int:  9    God:
Gold:   23         SH:  0    Dex: 15    Spells: 2/2 levels left

rFire   . . .      SeeInvis .   a - +0 trident (elec)
rCold   . . .      Faith    .   (no shield)
rNeg    . . .      Spirit   .   b - +0 leather armour
rPois   .          Reflect  .   c - +0 helmet
rElec   .          Harm     .   (no cloak)
rCorr   .          Rampage  .   (no gloves)
Will    .....                   (no boots)
Stlth   +.........              (no amulet)
HPRegen 0.09/turn               (no ring)
MPRegen 0.08/turn               (no ring)

@: flying
A: (nimble swimmer 2), mertail
a: no special abilities


You were on level 2 of the Dungeon.
You visited 1 branch of the dungeon, and saw 2 of its levels.

You collected 23 gold pieces.

Inventory:

Hand Weapons
 a - a +0 trident of electrocution (weapon)
Missiles
 d - 3 throwing nets (quivered)
 f - 22 stones
Armour
 b - a +0 leather armour (worn)
 c - a +0 helmet (worn)
Scrolls
 g - a scroll of brand weapon


   Skills:
 * Level 3.1 Fighting
 * Level 5.2 Polearms
 - Level 2.0 Throwing
 + Level 4.4 Dodging


You had 2 spell levels left.
You didn't know any spells.
Your spell library contained the following spells:

 Spells                   Type           Power      Damage    Failure   Level
 Portal Projectile        Hex/Tloc       0%         N/A       83%         3
 Blade Hands              Tmut           0%         N/A       100%        5
 Excruciating Wounds      Necr           0%         N/A       100%        5


Dungeon Overview and Level Annotations

Branches:
Dungeon (2/15)

Altars:


Innate Abilities, Weirdness & Mutations

((You are very nimble when in or above water. (Stealth+, EV+, Speed+++)))
Your lower body shifts to a powerful aquatic tail in water.


Message History

Unknown command.
You hit the orc.
The orc is severely wounded.
The orc hits you but does no damage.
You hear some strange, mumbled words.
A magic dart appears from out of thin air!
The magic dart hits you.
You barely miss something. The orc hits you with a +0 whip.
* * * LOW HITPOINT WARNING * * *
Something hits you but does no damage.
You puncture the orc!
You kill the orc!
Something hits you.
* * * LOW HITPOINT WARNING * * *
You hear some strange, mumbled words.
Something tries to affect you, but you resist.
Reach: a) +0 trident (elec)
Press: ? - help, Dir - move target You reach to attack!
You closely miss something.
The orc wizard casts a spell.
The orc wizard flickers and vanishes!
Unknown command.
Reach: a) +0 trident (elec)
Press: ? - help, Dir - move target You reach to attack!
You closely miss something. Something hits you.
* * * LOW HITPOINT WARNING * * *
Unknown command.
You closely miss something. Something hits you but does no damage.
You hit something. Something hits you.
* * * LOW HITPOINT WARNING * * *
Something hits you.
* * * LOW HITPOINT WARNING * * *
You closely miss something. Something hits you.
* * * LOW HITPOINT WARNING * * *
Something hits you but does no damage.
You hit something. Lightning courses through something!!
Reactivating autopickup.
You feel a bit more experienced. Something hits you.
You die...

.. .##..# #.
..##..# # #..
..##[.# #.##.. ..
#8..# ......###o
##..# .........
#..#
........######..#
........)).##8..#
......#.#@####..#
.###....#{.#.#..#
...#.###.....##
... .. ###..##
... ### #...# ..
...#.# ........
#.###.#.## #
..#.#


There were no monsters in sight!

Vanquished Creatures
  An orc wizard (D:2)
  3 orcs (D:2)
  2 endoplasms (D:1)
  A goblin (D:1)
  5 hobgoblins (D:1)
  3 jackals (D:1)
  2 quokkas (D:1)
  3 ball pythons (D:1)
  A bat (D:2)
  A frilled lizard (D:1)
  5 kobolds (D:1)
  2 rats (D:1)
29 creatures vanquished.

Notes
Turn   | Place    | Note
-------+----------+-------------------------------------------
     0 | D:1      | firemarshallily the Merfolk Gladiator began the quest for
                  | the Orb.
     0 | D:1      | Reached XP level 1. HP: 16/16 MP: 1/1
   244 | D:1      | Reached XP level 2. HP: 17/23 MP: 2/2
   988 | D:1      | Reached skill level 5 in Polearms
  1041 | D:1      | Reached XP level 3. HP: 23/28 MP: 3/3
  1402 | D:2      | Slain by an orc wizard

Illustrated notes

Levels and vault maps discovered:
D:1:      sevenhm_arrival_forest_fort_large_3, layout_basic,
          minmay_crystal_room, hangedman_feature_mirror,
          nicolae_concentric_dashed_squares_mild, chequers_garden,
          hangedman_decor_points
D:2:      layout_rooms, serial_shops, shop,
          dreamdust_ecumenical_altar_drowned_temple, serial_corexii_hall,
          corexii_hall_statues_x, chequers_hall_statues_wall_a,
          kennysheep_generic_room_3

Skill      XL: |  1  2  3 |
---------------+----------+-----
Polearms       | 5 |  5.2
Fighting       | 3 |  3.1
Throwing       | |  2.0
Dodging        | |  4.4

Action                   || total
-------------------------++-------
Melee: Trident           ||    84
       Punch             ||     1
  Use: Scroll            ||     2
       Potion            ||     2
Armor: Leather armour    ||    14
Dodge: Dodged            ||    31
